cohdb
Replays
Latest Replays
All Replays
Popular Replays
Top Player Replays
Match Explorer
How It Works
Community
CoH3 Stats
Reddit
Sign in to upload your games and track your stats! →
Sign in with Steam
Match 42771870
Unlisted
Match 42771870
Overview
Messages
Build Orders
End
Kradschützen Motorcycle Team
Selects Italian Infantry
Panzerpioneer Squad
250 Light Carrier
Construct Light Support Kompanie
MG34 Team
Fire Support Elements
Panzergrenadier Squad
Selects Guastatori Squad
Flakvierling Half-track
Panzerjäger Mechanized Group
Pak 38 Anti-tank Gun Team
Selects Registered Artillery
Flakvierling Half-track
Guastatori Squad
2.5-tonne Medical Truck
Dima
aka p.r.a.s.a.
Porygon
jm707090525
0
0
Comments
sign in to comment!
No comments posted yet!